 Dungeon Crawl Stone Soup version 0.13-a0-2960-g2f00e6d (console) character file.

146 5ubbak the Covered (level 3, -1/29 HPs)
             Began as a Djinni Fighter on Sept 6, 2013.
             Was a Follower of Nemelex Xobeh.
             Slain by a giant frog (4 damage)
             ... on Level 3 of the Dungeon.
             The game lasted 00:05:28 (1695 turns).

5ubbak the Covered (Djinni Fighter)                 Turns: 1695, Time: 00:05:28

HP  -1/29        AC  7     Str 16      XL: 3   Next: 76%
MP   0/0         EV  6     Int  8      God: Nemelex Xobeh [*.....]
Gold 88          SH 18     Dex 13      Spells:  0 memorised,  2 levels left

Res.Fire  : + + +   See Invis. : .   a - +0 whip
Res.Cold  : x . .   Warding    : .   b - +0 scale mail
Life Prot.: + + +   Conserve   : .   c - +0 shield
Res.Poison: .       Res.Corr.  : .   (no helmet)
Res.Elec. : .       Clarity    : .   (no cloak)
Sust.Abil.: . .     Spirit.Shd : .   (no gloves)
Res.Mut.  : .       Stasis     : .   (boots unavailable)
Res.Rott. : .       Flight     : .   (no amulet)
Saprovore : . . .                    (no ring)
                                     p - ring of teleport control

@: not resistant to hostile enchantments, extremely unstealthy
A: fire immunity, cold vulnerability, life protection 3
a: Draw One, Renounce Religion, Evoke Teleport Control


You were on level 3 of the Dungeon.
You worshipped Nemelex Xobeh.
Nemelex Xobeh was pleased with you.
You were not hungry.

You visited 1 branch of the dungeon, and saw 3 of its levels.

You collected 68 gold pieces.

Inventory:

Hand weapons
 a - a +0,+0 whip (weapon)
Missiles
 l - 13 stones (quivered)
Armour
 b - a +0 scale mail (worn)
 c - a +0 shield (worn)
Magical devices
 r - a wand of hasting (1)
Scrolls
 d - a scroll of enchant armour {unknown}
 e - 2 scrolls of curse jewellery {unknown}
 f - a scroll of enchant weapon II {unknown}
 g - 4 scrolls of identify {unknown}
 h - a scroll of remove curse {unknown}
 j - a scroll of amnesia {unknown}
 o - a scroll of blinking {unknown}
 q - 2 scrolls of curse weapon {unknown}
Jewellery
 p - a ring of teleport control (left hand)
Potions
 i - a potion of restore abilities
 m - a potion of curing
 n - 2 potions of invisibility {unknown}
Miscellaneous
 k - a plain deck of wonders {wonder}


   Skills:
 + Level 3.0 Fighting
 * Level 2.5 Maces & Flails
 + Level 4.1 Armour
 + Level 3.3 Shields
 * Level 0.8 Evocations


You had 2 spell levels left.
You didn't know any spells.

Dungeon Overview and Level Annotations

Branches:
Dungeon (3/27)

Altars:
Kikubaaqudgha
Nemelex Xobeh


Innate Abilities, Weirdness & Mutations

You are immune to all types of fire, even holy and hellish.
You are vulnerable to cold.
You need no food.
You have no legs.
You are immune to negative energy.


Message History

The giant frog is almost dead.
The giant frog barely misses you. The giant frog hits you.
You barely miss the giant frog.
The giant frog is almost dead.
You block the giant frog's attack.
You closely miss the giant frog.
The giant frog is almost dead.
The giant frog hits you.
You barely miss the giant frog.
The giant frog is almost dead.
The giant frog closely misses you. The giant frog barely misses you.
You hit the giant frog but do no damage.
The giant frog is almost dead.
The giant frog hits you!
* * * LOW HITPOINT WARNING * * *
You closely miss the giant frog.
The giant frog is almost dead.
The giant frog hits you.
You die...
Your body glows slightly and disappears.

######### ### #.......#
#.. #..<....#######..
#............##..
#.##########.##.. #.#
#####.##.. #.# #.........
#.##.#####.######.......##
........F@................
#<##.#.###.###############
# #.# #.# ... ... .....
..... .%.


You could see a giant frog.

Vanquished Creatures
  Jessica (D:3)
  An adder (D:2)
  A giant gecko (D:2)
  An ooze (D:1)
  5 bats
  2 giant cockroaches (D:2)
  6 goblins
  5 hobgoblins
  A kobold (D:1)
  4 giant newts
  3 rats (D:1)
30 creatures vanquished.

Notes
Turn   | Place    | Note
--------------------------------------------------------------
     0 | D:1      | 5ubbak, the Djinni Fighter, began the quest for the Orb.
     0 | D:1      | Reached XP level 1. HP: 16/16 MP: 0/0
   216 | D:1      | Reached XP level 2. EP: 19/22
   705 | D:2      | Found an ancient bone altar of Kikubaaqudgha.
   906 | D:2      | Reached skill level 4 in Armour
   906 | D:2      | Reached XP level 3. EP: 21/29
   969 | D:2      | Found a sparkling altar of Nemelex Xobeh.
   982 | D:2      | Became a worshipper of Nemelex Xobeh
   989 | D:2      | Received a gift from Nemelex Xobeh
  1451 | D:1      | Acquired Nemelex Xobeh's first power
  1595 | D:3      | Noticed Jessica
  1610 | D:3      | Killed Jessica
  1675 | D:3      | Noticed a giant frog
  1695 | D:3      | Slain by a giant frog

Action                   || total
-------------------------++-------
Melee: Mace              ||    18
       Whip              ||   183
  Use: Potion            ||     3
